 Dungeon Crawl Stone Soup version 0.29-a0-397-g846e4a0bbc (webtiles) character file.

Game seed: 10332915333774768809

341 Bruhh the Cleaver (level 6, -23/51 HPs)
             Began as a Hill Orc Monk on May 11, 2022.
             Killed from afar by Ijyb (38 damage)
             ... with a bolt of acid
             ... on level 4 of the Dungeon.
             The game lasted 00:04:04 (3560 turns).

Bruhh the Cleaver (Hill Orc Monk)                   Turns: 3560, Time: 00:04:04

Health: -23/51     AC:  3    Str: 16    XL:     6   Next: 56%
Magic:  6/6        EV: 12    Int: 10    God:
Gold:   211        SH:  0    Dex: 13    Spells: 5/5 levels left

rFire   . . .      SeeInvis .   a - +0 hand axe
rCold   . . .      Faith    .   (no shield)
rNeg    . . .      Spirit   .   b - +0 robe
rPois   +          Reflect  .   (no helmet)
rElec   .          Harm     .   (no cloak)
rCorr   .          Rampage  .   g - +0 pair of gloves
Will    .....                   (no boots)
Stlth   ++........              (no amulet)
HPRegen 0.17/turn               e - +4 ring of protection
MPRegen 0.10/turn               i - ring of poison resistance

@: corroded, hasted, very quick
A: no striking features
a: no special abilities


You were on level 4 of the Dungeon.
You visited 1 branch of the dungeon, and saw 4 of its levels.

You collected 211 gold pieces.

Inventory:

Hand Weapons
 a - a +0 hand axe (weapon)
Armour
 b - a +0 robe (worn)
 g - a +0 pair of gloves (worn)
Jewellery
 e - a +4 ring of protection (left hand)
 i - a ring of poison resistance (right hand)
Scrolls
 d - 10 scrolls of identify {unknown}
 f - a scroll of blinking {unknown}
 j - a scroll of teleportation {unknown}
 k - a scroll of enchant weapon {unknown}
 n - a scroll of vulnerability {unknown}
Potions
 l - a potion of degeneration {unknown}
 m - a potion of mutation {unknown}
 o - a potion of haste


   Skills:
 - Level 3.6 Fighting
 + Level 9.4 Axes
 - Level 2.4 Dodging
 - Level 1.5 Stealth


You had 5 spell levels left.
You didn't know any spells.
Your spell library contained the following spells:

 Spells                   Type           Power      Damage    Failure   Level
 Passage of Golubria      Tloc           0%         N/A       98%         4
 Silence                  Hex/Air        0%         N/A       100%        5
 Lehudib's Crystal Spear  Conj/Erth      0%         10d2      100%        8


Dungeon Overview and Level Annotations

Branches:
Dungeon (4/15)
 Temple: D:4-7

Altars:

Shops:
D:2 (

Annotations:
D:4 1 runed translucent door, Ijyb; hansi's ghost, amateur MiHu


Message History

The hound closely misses you.
You hit the hound.
The hound is heavily wounded.
The hound misses you.
You hit the hound.
The hound is almost dead.
The hound barely misses you.
You hit the hound.
You kill the hound!
No target in view!
No target in view!
No target in view!
No target in view!
No target in view!
No target in view!
No target in view!
No target in view!
No target in view!
No target in view!
You see here a hound corpse.
You now have 206 gold pieces (gained 5).
o - 2 pink potions (gained 1)
You now have 211 gold pieces (gained 5).
You open the door.
Ijyb the Twisted Goblin comes into view.
She is wielding a +0 dagger and carrying a wand of acid (9).
Ijyb is nearby!
Ijyb is nearby!
Ijyb is nearby!
Ijyb is nearby!
Ijyb zaps a wand.
The bolt of acid hits you!! The acid corrodes you!
There is an open door here.
You closely miss Ijyb. Ijyb barely misses you.
You barely miss Ijyb.
Ijyb zaps a wand.
The bolt of acid hits you!
* * * LOW HITPOINT WARNING * * *
You are too injured to fight recklessly!
You are too injured to fight recklessly!
It was a potion of haste.
You feel yourself speed up.
Ijyb zaps a wand.
The bolt of acid hits you!!!
Ouch! That really hurt!
You die...

##### ..... #...# ...
#. ... ##.## #.# #...#
#g# #...# #@#
####...######'## ##
#.........##...## .#
#.........#.....## .#
#................#
.####.....##.........#
...........+.........+
.####.....##.........#
.# #..######.......##


You could see Ijyb.

Vanquished Creatures
  2 necrophages (D:4)
  An orc priest (D:4)
  2 hounds
  Terence (D:2)
  5 adders
  A worm (D:2)
  A dart slug (D:2)
  4 orcs
  4 ball pythons
  5 endoplasms
  5 goblins
  4 hobgoblins
  4 jackals
  A quokka (D:2)
  2 bats
  A frilled lizard (D:1)
  6 kobolds
  7 rats
56 creatures vanquished.

Notes
Turn   | Place    | Note
-------+----------+-------------------------------------------
     0 | D:1      | Bruhh the Hill Orc Monk began the quest for the Orb.
     0 | D:1      | Reached XP level 1. HP: 19/19 MP: 1/1
    85 | D:1      | Reached XP level 2. HP: 19/26 MP: 2/2
   262 | D:1      | Reached skill level 5 in Axes
   497 | D:1      | Found a faded altar of an unknown god.
   836 | D:2      | Found Wouneud's Antique Weapon Shop.
   897 | D:2      | Reached XP level 3. HP: 31/31 MP: 3/3
  1380 | D:2      | Noticed Terence
  1397 | D:2      | Killed Terence
  1398 | D:2      | Reached skill level 6 in Axes
  1398 | D:2      | Reached XP level 4. HP: 19/39 MP: 4/4
  2589 | D:3      | Reached skill level 7 in Axes
  2589 | D:3      | Reached XP level 5. HP: 43/45 MP: 5/5
  3310 | D:4      | Reached skill level 8 in Axes
  3324 | D:4      | Reached XP level 6. HP: 37/51 MP: 6/6
  3426 | D:4      | Reached skill level 9 in Axes
  3470 | D:4      | Found a runed translucent door.
  3471 | D:4      | Noticed hansi's ghost (amateur MiHu)
  3555 | D:4      | Noticed Ijyb
  3560 | D:4      | Killed from afar by Ijyb

Illustrated notes

Levels and vault maps discovered:
D:1:      amcnicky_arrival_feature_with_door, layout_loops_ring,
          chequers_ecumenical_altar_twisty, due_unseen_surprise
D:2:      layout_basic, serial_shops, nicolae_shop_window_shopping, uniq_terence
D:3:      layout_loops_corners, kennysheep_potato
D:4:      layout_loops_corners, minmay_temple_entry_overgrown,
          ebering_ghost_sewer_f, kennysheep_generic_room_9, uniq_ijyb,
          uniq_duvessa, uniq_eustachio

Skill      XL: |  1  2  3  4  5  6 |
---------------+-------------------+-----
Axes           | 5 6 7 8 9 |  9.4
Fighting       | |  3.6
Dodging        | |  2.4
Stealth        | |  1.5

Action                   |  1- 3 |  4- 6 || total
-------------------------+-------+-------++-------
Melee: Hand axe          |    98 |   159 ||   257
       Punch             |       |     4 ||     4
  Use: Potion            |     1 |     3 ||     4
 Stab: Sleeping          |     3 |     6 ||     9
Armor: Robe              |    20 |    47 ||    67
Dodge: Dodged            |    61 |    81 ||   142

Table legend: (Time is in decaauts)
 A = Elapsed time spent in this place.
 B = Non-inter-level travel time spent in this place.
 C = Inter-level travel time spent in this place.
 D = Time resting spent in this place.
 E = Time spent auto-exploring this place.
 F = Levels seen in this place.
 G = Mean time per level.
                   A        B        C        D        E       F      G
               +--------+--------+--------+--------+--------+-----+--------+
         Total |   3547 |   3431 |    116 |      0 |   2921 |   4 |  886.8 |
       Dungeon |   3547 |   3431 |    116 |      0 |   2921 |   4 |  886.8 |
               +--------+--------+--------+--------+--------+-----+--------+

Top non-repeatable levels by time:
     D:2: 1259 daAuts
     D:3: 1065 daAuts
     D:1: 837 daAuts
     D:4: 383 daAuts
